Penguins vs Nordiques

Created - 24 novembre 2020 at 08:20

Goals
1 2 3 T
Penguins 1 1 2 4
Nordiques 3 2 0 5
Shots
1 2 3 T
Penguins 21 7 16 44
Nordiques 11 15 5 31

1st period

1. Penguins , Dmitry Orlov 1 (Miro Heiskanen 2, Jesperi Kotkaniemi 1) at 14:18
2. Nordiques , Brandon Dubinsky 2 (Kirby Dach 6, Philippe Myers 5) at 15:33
3. Nordiques , Joel Farabee 1 (Joel L'Esperance 2, Brent Seabrook 2) at 17:25
4. Nordiques , Brandon Dubinsky 3 (Philippe Myers 6, Ryan Lindgren 1) at 18:41

Penalties :
No Penalty

2nd period

5. Nordiques , David Backes 2 (Justin Holl 1, Dan Vladar) at 12:24
6. Nordiques , Joel Farabee 2 (Shayne Gostisbehere 1) at 12:40
7. Penguins , Miro Heiskanen 2 (Patric Hornqvist 3, Mikael Granlund 4) at 18:59 (PP)

Penalties :
Sebastian Aho (QUE) for Hooking (Minor) at 0:26, Travis Sanheim (QUE) for High sticking (Minor) at 18:10

3rd period

8. Penguins , Adam Lowry 1 (Sam Bennett 3, Tuukka Rask) at 4:30
9. Penguins , Patric Hornqvist 7 (Cale Makar 6, Miro Heiskanen 3) at 13:59 (PP)

Penalties :
Shayne Gostisbehere (QUE) for Hooking (Minor) at 4:54, Ryan Lindgren (QUE) for Tripping (Minor) at 13:43

Goalie Stats

Tuukka Rask (PIT), 9 saves from 9 shots - (1,000), 26:25 minutes
Jack Campbell (PIT), 17 saves from 22 shots - (0,773), L, 1-1-0, 32:40 minutes
Dan Vladar (QUE), 40 saves from 44 shots - (0,909), W, 5-2-0, 60:00 minutes

Players Stats for Penguins

Player Name              G  A  P  +/- PIM S  H  SB GA TA FO     MP     PP MP  PK MP  
------------------------------------------------------------------------------------
Adam Lowry               1  0  1  -1  0   4  0  2  0  0  0/0    15:24   1:58   0:00 
Auston Matthews          0  0  0  -1  0   5  1  0  3  0  13/25  20:54   3:05   0:00 
Brent Burns              0  0  0   0  0   1  0  1  0  1  0/0    22:29   1:58   0:00 
Brian Boyle              0  0  0  -2  0   2  2  1  0  0  10/16  16:36   1:58   0:00 
Cale Makar               0  1  1  -1  0   1  0  0  1  0  0/0    18:08   2:54   0:00 
Dmitry Orlov             1  0  1  -1  0   2  0  1  0  1  0/0    18:12   2:09   0:00 
Jacob Larsson            0  0  0   0  0   1  0  0  0  0  0/0     9:42   0:00   0:00 
Jesperi Kotkaniemi       0  1  1   1  0   1  2  1  0  0  0/0     8:21   0:00   0:00 
Joel Armia               0  0  0  -1  0   2  1  0  1  1  1/1    17:55   0:00   0:00 
Markus Granlund          0  0  0   1  0   1  0  0  0  0  0/0     8:06   0:00   0:00 
Michael Grabner          0  0  0  -2  0   3  1  0  0  1  1/2    16:41   0:09   0:00 
Mikael Granlund          0  1  1  -2  0   10 0  0  0  0  2/4    18:17   3:05   0:00 
Miro Heiskanen           1  2  3  -1  0   1  1  4  0  2  0/0    19:40   2:54   0:00 
Patric Hornqvist         1  1  2  -1  0   6  3  0  0  0  0/1    20:54   2:56   0:00 
Reid Boucher             0  0  0  -1  0   3  2  0  0  0  1/1    14:12   0:00   0:00 
Roman Polak              0  0  0  -1  0   0  2  1  0  1  0/0    14:31   0:00   0:00 
Sam Bennett              0  1  1  -1  0   0  1  0  0  0  1/6    14:09   0:00   0:00 
Stephen Johns            0  0  0   0  0   1  1  2  0  0  0/0    11:51   2:09   0:00 
Tyler Myers              0  0  0  -1  0   0  0  1  0  1  0/0    13:58   0:00   0:00 

Players Stats for Nordiques

Player Name              G  A  P  +/- PIM S  H  SB GA TA FO     MP     PP MP  PK MP  
------------------------------------------------------------------------------------
Alexander Wennberg       0  0  0  -1  0   3  2  0  0  1  0/0    16:34   0:00   2:35 
Brandon Dubinsky         2  0  2   2  0   5  2  1  2  1  8/19   15:11   0:00   2:13 
Brent Seabrook           0  1  1   0  0   1  0  2  0  0  0/0    21:51   0:00   0:55 
Cole Schneider           0  0  0  -1  0   3  1  0  0  0  1/1    14:25   0:00   0:43 
David Backes             1  0  1  -1  0   2  0  0  1  0  0/1    13:42   0:00   0:00 
Hudson Fasching          0  0  0   3  0   0  3  0  1  1  0/0    14:11   0:00   0:00 
Joel Farabee             2  0  2   3  0   2  1  0  0  0  0/0    14:33   0:00   0:15 
Joel L'Esperance         0  1  1   3  0   1  2  1  1  0  4/9    14:11   0:00   0:00 
Justin Abdelkader        0  0  0   2  0   0  4  2  1  0  1/1    15:11   0:00   2:13 
Justin Holl              0  1  1   1  0   2  0  0  1  0  0/0    20:12   0:00   2:34 
Kirby Dach               0  1  1   2  0   3  0  0  0  0  0/0    13:32   0:00   0:27 
Mathieu Perreault        0  0  0  -1  0   3  2  0  0  0  7/13   13:42   0:00   0:00 
Philippe Myers           0  2  2   2  0   0  0  2  0  0  0/0    18:54   0:00   2:29 
Ryan Lindgren            0  1  1   2  2   1  2  2  0  0  0/0    18:46   0:00   2:24 
Sebastian Aho            0  0  0  -1  2   5  2  1  1  0  6/11   15:45   0:00   1:40 
Shayne Gostisbehere      0  1  1   1  2   0  1  0  0  0  0/0    19:23   0:00   1:44 
Travis Sanheim           0  0  0   0  2   0  0  3  0  1  0/0    20:53   0:00   0:00 
Tyler Johnson            0  0  0  -1  0   0  4  0  0  1  0/1    13:57   0:00   0:00 

3 Stars

1 - Joel Farabee (QUE)
2 - Brandon Dubinsky (QUE)
3 - Miro Heiskanen (PIT)

Power Play

Penguins - 2 on 4 Attempt(s) - 50,00%
Nordiques - 0 on 0 Attempt(s) - 0,00%

Penalty Kill

Penguins - 0 on 0 Attempt(s) - 0,00% - Score 0 goal in Penalty Kill
Nordiques - 2 on 4 Attempt(s) - 50,00% - Score 0 goal in Penalty Kill

Team Stat

Penguins - Hits : 17 - Faceoff Wins : 29 - Blocked Shots : 14 - Penalty Minutes : 0
Nordiques - Hits : 26 - Faceoff Wins : 27 - Blocked Shots : 14 - Penalty Minutes : 8

Official

Referees : Conor O'Donnell and Jean Hebert
Linesman : Tyson Baker and Matt Brady

Game Notes

18:41 of 1st period - Nordiques goal is going for a video replay. After video review, Goal.
Tuukka Rask enters game at 12:40 of 2nd period
13:26 of 2nd period - Penguins goal is going for a video replay. After video review, No Goal. The net was displaced accidentally.

Finance

Level 1 -- Attendance: 5715 (95,25%) -- Ticket Income 457 200 $
Level 2 -- Attendance: 5000 (100,00%) -- Ticket Income 250 000 $
Level 3 -- Attendance: 1906 (95,30%) -- Ticket Income 47 650 $
Level 4 -- Attendance: 4000 (100,00%) -- Ticket Income 40 000 $
Luxury Box -- Attendance: 980 (98,00%) -- Ticket Income 156 800 $
Game was played at the Colisee.
Total Attendance: 17601 (97,78%)
Total Ticket Income: 951 650 $
Other Income: 466 308 $
Total Income: 1 417 958 $

Penguins

5 vs 5 Forward 
   Center                   Left Wing                Right Wing               Time % Phy DF OF 
 1 Auston Matthews          Patric Hornqvist         Joel Armia               33     1   1  3  
 2 Brian Boyle              Michael Grabner          Mikael Granlund          30     1   1  3  
 3 Sam Bennett              Adam Lowry               Reid Boucher             25     1   2  2  
 4 Markus Granlund          Jesperi Kotkaniemi       Brent Burns              12     1   2  2  

5 vs 5 Defense 
   Defense                  Defense                                           Time % Phy DF OF 
 1 Brent Burns              Tyler Myers                                       29     1   4  0  
 2 Dmitry Orlov             Miro Heiskanen                                    29     1   4  0  
 3 Roman Polak              Cale Makar                                        24     1   2  2  
 4 Jacob Larsson            Stephen Johns                                     18     1   2  2  

PowerPlay Forward 
   Center                   Left Wing                Right Wing               Time % Phy DF OF 
 1 Auston Matthews          Patric Hornqvist         Mikael Granlund          60     1   2  2  
 2 Brian Boyle              Adam Lowry               Brent Burns              40     1   2  2  

PowerPlay Defense
   Defense                  Defense                                           Time % Phy DF OF 
 1 Cale Makar               Miro Heiskanen                                    60     1   2  2  
 2 Dmitry Orlov             Stephen Johns                                     40     1   2  2  

Penalty Kill 4 Players Forward 
   Center                   Wing                     Time % Phy DF OF 
 1 Brian Boyle              Michael Grabner          60     1   2  2  
 2 Adam Lowry               Joel Armia               40     1   2  2  

Penalty Kill 4 Players Defense
   Defense                  Defense                  Time % Phy DF OF 
 1 Roman Polak              Tyler Myers              60     1   2  2  
 2 Jacob Larsson            Miro Heiskanen           40     1   2  2  

Penalty Kill - 3 Players Forward 
   Forward                                           Time % Phy DF OF 
 1 Adam Lowry                                        60     1   2  2  
 2 Brian Boyle                                       40     1   2  2  

Penalty Kill - 3 Players Defense
   Defense                  Defense                  Time % Phy DF OF 
 1 Stephen Johns            Tyler Myers              60     1   2  2  
 2 Roman Polak              Miro Heiskanen           40     1   2  2  

4 vs 4 Forward 
   Center                   Wing                     Time % Phy DF OF 
 1 Auston Matthews          Patric Hornqvist         55     1   2  2  
 2 Mikael Granlund          Joel Armia               45     1   2  2  

4 vs 4 Defense
   Defense                  Defense                  Time % Phy DF OF 
 1 Cale Makar               Tyler Myers              60     1   2  2  
 2 Dmitry Orlov             Miro Heiskanen           40     1   2  2  

Last Minutes Offensive
   Center                   Left Wing                Right Wing               Defense                  Defense                  
   Auston Matthews          Patric Hornqvist         Mikael Granlund          Brent Burns              Cale Makar               

Last Minutes Defensive
   Center                   Left Wing                Right Wing               Defense                  Defense                  
   Brian Boyle              Michael Grabner          Markus Granlund          Roman Polak              Tyler Myers              

Goaltenders
Starting : Jack Campbell            
Backup : Tuukka Rask              

Extra Forwards
Normal : Michael Grabner, Reid Boucher, Sam Bennett - PP : Michael Grabner, Reid Boucher - PK : Sam Bennett
Extra Defensemen
Normal : Roman Polak, Cale Makar, Jacob Larsson - PP : Roman Polak - PK : Cale Makar, Jacob Larsson
Penalty Shots
Brent Burns, Auston Matthews, Patric Hornqvist, Reid Boucher, Joel Armia
Custom OT Lines Forwards
Auston Matthews, Joel Armia, Patric Hornqvist, Mikael Granlund, Michael Grabner, Brian Boyle, Adam Lowry, Jesperi Kotkaniemi, Reid Boucher, Sam Bennett
Custom OT Lines Defensemen
Brent Burns, Cale Makar, Dmitry Orlov, Miro Heiskanen, Roman Polak

Scratches
Mikkel Boedker (Broken Left Index Finger Injury), Tim Schaller (Broken Left Index Finger Injury)

Nordiques

5 vs 5 Forward 
   Center                   Left Wing                Right Wing               Time % Phy DF OF 
 1 Sebastian Aho            Alexander Wennberg       Tyler Johnson            25     1   2  2  
 2 Brandon Dubinsky         Justin Abdelkader        Kirby Dach               25     1   2  2  
 3 Mathieu Perreault        David Backes             Cole Schneider           25     1   2  2  
 4 Joel L'Esperance         Joel Farabee             Hudson Fasching          25     1   2  2  

5 vs 5 Defense 
   Defense                  Defense                                           Time % Phy DF OF 
 1 Brent Seabrook           Travis Sanheim                                    37     1   2  2  
 2 Justin Holl              Shayne Gostisbehere                               33     1   2  2  
 3 Philippe Myers           Ryan Lindgren                                     30     1   2  2  
 4 Brent Seabrook           Travis Sanheim                                    0      1   2  2  

PowerPlay Forward 
   Center                   Left Wing                Right Wing               Time % Phy DF OF 
 1 Sebastian Aho            Alexander Wennberg       Tyler Johnson            50     1   2  2  
 2 Brandon Dubinsky         Justin Abdelkader        Kirby Dach               50     1   2  2  

PowerPlay Defense
   Defense                  Defense                                           Time % Phy DF OF 
 1 Brent Seabrook           Travis Sanheim                                    50     1   2  2  
 2 Justin Holl              Shayne Gostisbehere                               50     1   2  2  

Penalty Kill 4 Players Forward 
   Center                   Wing                     Time % Phy DF OF 
 1 Brandon Dubinsky         Justin Abdelkader        50     1   2  2  
 2 Sebastian Aho            Alexander Wennberg       50     1   2  2  

Penalty Kill 4 Players Defense
   Defense                  Defense                  Time % Phy DF OF 
 1 Philippe Myers           Ryan Lindgren            50     1   2  2  
 2 Justin Holl              Shayne Gostisbehere      50     1   2  2  

Penalty Kill - 3 Players Forward 
   Forward                                           Time % Phy DF OF 
 1 Brandon Dubinsky                                  50     1   2  2  
 2 Sebastian Aho                                     50     1   2  2  

Penalty Kill - 3 Players Defense
   Defense                  Defense                  Time % Phy DF OF 
 1 Philippe Myers           Ryan Lindgren            50     1   2  2  
 2 Justin Holl              Shayne Gostisbehere      50     1   2  2  

4 vs 4 Forward 
   Center                   Wing                     Time % Phy DF OF 
 1 Sebastian Aho            Alexander Wennberg       50     1   2  2  
 2 Tyler Johnson            Brandon Dubinsky         50     1   2  2  

4 vs 4 Defense
   Defense                  Defense                  Time % Phy DF OF 
 1 Brent Seabrook           Travis Sanheim           50     1   2  2  
 2 Justin Holl              Shayne Gostisbehere      50     1   2  2  

Last Minutes Offensive
   Center                   Left Wing                Right Wing               Defense                  Defense                  
   Sebastian Aho            Alexander Wennberg       Tyler Johnson            Brent Seabrook           Travis Sanheim           

Last Minutes Defensive
   Center                   Left Wing                Right Wing               Defense                  Defense                  
   Sebastian Aho            Alexander Wennberg       Tyler Johnson            Brent Seabrook           Travis Sanheim           

Goaltenders
Starting : Dan Vladar               
Backup : Craig Anderson           

Extra Forwards
Normal : Mathieu Perreault, David Backes, Cole Schneider - PP : Mathieu Perreault, David Backes - PK : Cole Schneider
Extra Defensemen
Normal : Philippe Myers, Ryan Lindgren, Justin Holl - PP : Philippe Myers - PK : Ryan Lindgren, Justin Holl
Penalty Shots
Sebastian Aho, Alexander Wennberg, Tyler Johnson, Brandon Dubinsky, Justin Holl
Custom OT Lines Forwards
Sebastian Aho, Alexander Wennberg, Tyler Johnson, Brandon Dubinsky, Justin Holl, Justin Abdelkader, Kirby Dach, Mathieu Perreault, David Backes, Cole Schneider
Custom OT Lines Defensemen
Brent Seabrook, Travis Sanheim, Justin Holl, Shayne Gostisbehere, Philippe Myers

Scratches
Pat Nagle (Healthy)

% Time on Ice - Penguins

Lines # - Real PCT - Wanted PCT - Time Play
Normal Forward
1 - 33% - 33% - 18:04
2 - 27% - 30% - 14:38
3 - 26% - 25% - 14:09
4 - 15% - 12% - 8:06
Normal Defense
1 - 27% - 29% - 14:41
2 - 29% - 29% - 16:03
3 - 26% - 24% - 14:31
4 - 18% - 18% - 9:42
PP Forward
1 - 61% - 60% - 3:05
2 - 39% - 40% - 1:58
PP Defense
1 - 57% - 60% - 2:54
2 - 43% - 40% - 2:09
PK Forward
1 - 0% - 60%
2 - 0% - 40%
PK Defense
1 - 0% - 60%
2 - 0% - 40%
PK3 Forward
1 - 0% - 60%
2 - 0% - 40%
PK3 Defense
1 - 0% - 60%
2 - 0% - 40%
44 Forward
1 - 0% - 55%
2 - 0% - 45%
44 Defense
1 - 0% - 60%
2 - 0% - 40%
Last Minute Offensive  - 0:00
Last Minute Defensive  - 0:00
Total
Forward - 60:00
Defense - 60:00

% Time on Ice - Nordiques

Lines # - Real PCT - Wanted PCT - Time Play
Normal Forward
1 - 24% - 25% - 13:00
2 - 24% - 25% - 13:07
3 - 25% - 25% - 13:42
4 - 26% - 25% - 14:11
Normal Defense
1 - 37% - 37% - 20:06
2 - 33% - 33% - 17:38
3 - 30% - 30% - 16:16
4 - 0% - 0% - 0:00
PP Forward
1 - 0% - 50%
2 - 0% - 50%
PP Defense
1 - 0% - 50%
2 - 0% - 50%
PK Forward
1 - 44% - 50% - 2:13
2 - 56% - 50% - 2:50
PK Defense
1 - 49% - 50% - 2:29
2 - 51% - 50% - 2:34
PK3 Forward
1 - 0% - 50%
2 - 0% - 50%
PK3 Defense
1 - 0% - 50%
2 - 0% - 50%
44 Forward
1 - 0% - 50%
2 - 0% - 50%
44 Defense
1 - 0% - 50%
2 - 0% - 50%
Last Minute Offensive  - 0:00
Last Minute Defensive  - 0:57
Total
Forward - 60:00
Defense - 60:00

Play-by-Play

1st period


0:01 of 1st period - Sebastian Aho wins face-off versus Patric Hornqvist in neutral zone.
0:04 of 1st period - Snap shot by Tyler Johnson.
0:04 of 1st period - Shot Blocked by Brent Burns.
0:06 of 1st period - Snap shot by Brent Seabrook.
0:06 of 1st period - Deflect By Brent Burns.
0:06 of 1st period - Stopped by Jack Campbell without a rebound.
0:07 of 1st period - Auston Matthews wins face-off versus Sebastian Aho in Penguins zone.
0:15 of 1st period - Off-side.
0:16 of 1st period - Michael Grabner wins face-off versus Brandon Dubinsky in neutral zone.
0:31 of 1st period - Wrist shot by Michael Grabner.
0:31 of 1st period - Stopped by Dan Vladar without a rebound.
0:32 of 1st period - Mathieu Perreault wins face-off versus Sam Bennett in Nordiques zone.
0:32 of 1st period - Mathieu Perreault is hit by Roman Polak.
0:40 of 1st period - Snap shot by Mathieu Perreault.
0:40 of 1st period - Shot Misses the Net.
2:07 of 1st period - Snap shot by Joel L'Esperance.
2:07 of 1st period - Deflect By Hudson Fasching.
2:07 of 1st period - Shot Hit the Post.
2:07 of 1st period - Puck is out of play.
2:08 of 1st period - Auston Matthews wins face-off versus Sebastian Aho in Penguins zone.
3:10 of 1st period - Slapshot by Auston Matthews.
3:10 of 1st period - Shot Blocked by Ryan Lindgren.
3:26 of 1st period - Brent Burns is hit by Joel Farabee and loses puck.
3:43 of 1st period - Snap shot by Auston Matthews.
3:43 of 1st period - Deflect By Patric Hornqvist.
3:43 of 1st period - Stopped by Dan Vladar without a rebound.
3:44 of 1st period - Brian Boyle wins face-off versus Mathieu Perreault in Nordiques zone.
3:55 of 1st period - Wrist shot by Mikael Granlund.
3:55 of 1st period - Shot Misses the Net.
3:57 of 1st period - Slapshot by Miro Heiskanen.
3:57 of 1st period - Shot Misses the Net.
4:09 of 1st period - Mikael Granlund is hit by Sebastian Aho and loses puck.
4:18 of 1st period - Snap shot by Tyler Johnson.
4:18 of 1st period - Deflect By Sebastian Aho.
4:18 of 1st period - Stopped by Jack Campbell with a rebound.
4:49 of 1st period - Snap shot by David Backes.
4:49 of 1st period - Shot Blocked by Dmitry Orlov.
4:59 of 1st period - Wrist shot by Reid Boucher.
4:59 of 1st period - Stopped by Dan Vladar with a rebound.
5:40 of 1st period - Wrist shot by Mikael Granlund.
5:40 of 1st period - Stopped by Dan Vladar without a rebound.
5:41 of 1st period - Mathieu Perreault wins face-off versus Brian Boyle in Nordiques zone.
6:16 of 1st period - Brent Burns is hit by Alexander Wennberg and loses puck.
7:10 of 1st period - Cale Makar is hit by Cole Schneider and loses puck.
7:30 of 1st period - Markus Granlund is hit by Tyler Johnson and loses puck.
7:49 of 1st period - Snap shot by Brent Burns.
7:49 of 1st period - Stopped by Dan Vladar with a rebound.
7:51 of 1st period - Slapshot by Markus Granlund.
7:51 of 1st period - Stopped by Dan Vladar without a rebound.
7:52 of 1st period - Brian Boyle wins face-off versus Brandon Dubinsky in Nordiques zone.
7:53 of 1st period - Snap shot by Mikael Granlund.
7:53 of 1st period - Stopped by Dan Vladar with a rebound.
7:55 of 1st period - Snap shot by Michael Grabner.
7:55 of 1st period - Shot Blocked by Justin Abdelkader.
7:57 of 1st period - Snap shot by Michael Grabner.
7:57 of 1st period - Shot Blocked by Brandon Dubinsky.
7:59 of 1st period - Snap shot by Mikael Granlund.
7:59 of 1st period - Shot Misses the Net.
8:40 of 1st period - Snap shot by David Backes.
8:40 of 1st period - Deflect By Cole Schneider.
8:40 of 1st period - Stopped by Jack Campbell with a rebound.
8:42 of 1st period - Slapshot by David Backes.
8:42 of 1st period - Shot Blocked by Miro Heiskanen.
9:02 of 1st period - Snap shot by Michael Grabner.
9:02 of 1st period - Shot Blocked by Philippe Myers.
9:41 of 1st period - Sebastian Aho is hit by Brian Boyle and loses puck.
10:28 of 1st period - Wrist shot by Patric Hornqvist.
10:28 of 1st period - Stopped by Dan Vladar with a rebound.
10:30 of 1st period - Backhand shot by Roman Polak.
10:30 of 1st period - Shot Misses the Net.
10:32 of 1st period - Snap shot by Patric Hornqvist.
10:32 of 1st period - Stopped by Dan Vladar without a rebound.
10:33 of 1st period - Mikael Granlund wins face-off versus David Backes in Nordiques zone.
10:39 of 1st period - Snap shot by Dmitry Orlov.
10:39 of 1st period - Shot Misses the Net.
10:43 of 1st period - Snap shot by Brian Boyle.
10:43 of 1st period - Stopped by Dan Vladar with a rebound.
10:47 of 1st period - Wrist shot by Mikael Granlund.
10:47 of 1st period - Shot Misses the Net.
10:49 of 1st period - Slapshot by Mikael Granlund.
10:49 of 1st period - Shot Misses the Net.
11:03 of 1st period - Kirby Dach is hit by Joel Armia and loses puck.
11:24 of 1st period - Sam Bennett is hit by Hudson Fasching and loses puck.
12:09 of 1st period - Roman Polak is hit by Justin Abdelkader and loses puck.
12:30 of 1st period - Adam Lowry is hit by Hudson Fasching and loses puck.
12:37 of 1st period - Hudson Fasching is hit by Roman Polak and loses puck.
13:18 of 1st period - Alexander Wennberg is hit by Miro Heiskanen and loses puck.
13:38 of 1st period - Wrist shot by Alexander Wennberg.
13:38 of 1st period - Shot Misses the Net.
13:50 of 1st period - Snap shot by Sebastian Aho.
13:50 of 1st period - Stopped by Jack Campbell with a rebound.
13:52 of 1st period - Snap shot by Alexander Wennberg.
13:52 of 1st period - Stopped by Jack Campbell with a rebound.
13:54 of 1st period - Backhand shot by Justin Holl.
13:54 of 1st period - Stopped by Jack Campbell with a rebound.
13:56 of 1st period - Snap shot by Alexander Wennberg.
13:56 of 1st period - Stopped by Jack Campbell with a rebound.
14:04 of 1st period - Wrist shot by Jesperi Kotkaniemi.
14:04 of 1st period - Shot Misses the Net.
14:14 of 1st period - Slapshot by Jesperi Kotkaniemi.
14:14 of 1st period - Stopped by Dan Vladar with a rebound.
14:16 of 1st period - Snap shot by Miro Heiskanen.
14:16 of 1st period - Shot Blocked by Sebastian Aho.
14:18 of 1st period - Snap shot by Dmitry Orlov.
14:18 of 1st period - Goal by Dmitry Orlov - Penguins : 1 - Nordiques : 0.
14:19 of 1st period - Brian Boyle wins face-off versus Mathieu Perreault in neutral zone.
14:26 of 1st period - Cole Schneider is hit by Stephen Johns and loses puck.
14:31 of 1st period - Slapshot by Brian Boyle.
14:31 of 1st period - Shot Misses the Net.
14:50 of 1st period - Snap shot by Cole Schneider.
14:50 of 1st period - Shot Blocked by Stephen Johns.
15:14 of 1st period - Backhand shot by Auston Matthews.
15:14 of 1st period - Stopped by Dan Vladar without a rebound.
15:15 of 1st period - Auston Matthews wins face-off versus Brandon Dubinsky in Nordiques zone.
15:23 of 1st period - Icing by Kirby Dach.
15:24 of 1st period - Mikael Granlund wins face-off versus Brandon Dubinsky in Nordiques zone.
15:25 of 1st period - Slapshot by Michael Grabner.
15:25 of 1st period - Deflect By Mikael Granlund.
15:25 of 1st period - Stopped by Dan Vladar with a rebound.
15:31 of 1st period - Slapshot by Kirby Dach.
15:31 of 1st period - Shot Misses the Net.
15:33 of 1st period - Snap shot by Brandon Dubinsky.
15:33 of 1st period - Goal by Brandon Dubinsky - Penguins : 1 - Nordiques : 1.
15:34 of 1st period - Brian Boyle wins face-off versus Brandon Dubinsky in neutral zone.
15:37 of 1st period - Snap shot by Mikael Granlund.
15:37 of 1st period - Stopped by Dan Vladar with a rebound.
15:59 of 1st period - Brent Seabrook is hit by Reid Boucher and loses puck.
16:08 of 1st period - Snap shot by Reid Boucher.
16:08 of 1st period - Stopped by Dan Vladar without a rebound.
16:09 of 1st period - Joel L'Esperance wins face-off versus Auston Matthews in Nordiques zone.
16:41 of 1st period - Snap shot by Mikael Granlund.
16:41 of 1st period - Stopped by Dan Vladar without a rebound.
16:42 of 1st period - Brandon Dubinsky wins face-off versus Mikael Granlund in Nordiques zone.
16:59 of 1st period - Wrist shot by Michael Grabner.
16:59 of 1st period - Shot Misses the Net.
17:01 of 1st period - Snap shot by Michael Grabner.
17:01 of 1st period - Shot Blocked by Justin Abdelkader.
17:03 of 1st period - Snap shot by Mikael Granlund.
17:03 of 1st period - Shot Misses the Net.
17:05 of 1st period - Wrist shot by Mikael Granlund.
17:05 of 1st period - Shot Blocked by Ryan Lindgren.
17:07 of 1st period - Wrist shot by Brian Boyle.
17:07 of 1st period - Stopped by Dan Vladar with a rebound.
17:09 of 1st period - Slapshot by Miro Heiskanen.
17:09 of 1st period - Shot Blocked by Philippe Myers.
17:11 of 1st period - Slapshot by Mikael Granlund.
17:11 of 1st period - Stopped by Dan Vladar without a rebound.
17:12 of 1st period - Auston Matthews wins face-off versus Joel L'Esperance in Nordiques zone.
17:25 of 1st period - Snap shot by Joel Farabee.
17:25 of 1st period - Goal by Joel Farabee - Penguins : 1 - Nordiques : 2.
17:26 of 1st period - Auston Matthews wins face-off versus Mathieu Perreault in neutral zone.
17:26 of 1st period - Auston Matthews is hit by Mathieu Perreault.
17:52 of 1st period - Mikael Granlund is hit by Alexander Wennberg and loses puck.
18:21 of 1st period - Wrist shot by Sam Bennett.
18:21 of 1st period - Shot Blocked by Brent Seabrook.
18:33 of 1st period - Snap shot by Kirby Dach.
18:33 of 1st period - Stopped by Jack Campbell with a rebound.
18:35 of 1st period - Slapshot by Ryan Lindgren.
18:35 of 1st period - Shot Blocked by Miro Heiskanen.
18:37 of 1st period - Snap shot by Philippe Myers.
18:37 of 1st period - Shot Blocked by Adam Lowry.
18:39 of 1st period - Slapshot by Philippe Myers.
18:39 of 1st period - Shot Blocked by Miro Heiskanen.
18:41 of 1st period - Snap shot by Brandon Dubinsky.
18:41 of 1st period - Nordiques goal is going for a video replay.
18:41 of 1st period - The goal is good.
18:41 of 1st period - Goal by Brandon Dubinsky - Penguins : 1 - Nordiques : 3.
18:42 of 1st period - Auston Matthews wins face-off versus Mathieu Perreault in neutral zone.
18:51 of 1st period - Wrist shot by Auston Matthews.
18:51 of 1st period - Stopped by Dan Vladar without a rebound.
18:52 of 1st period - Auston Matthews wins face-off versus Mathieu Perreault in Nordiques zone.
19:03 of 1st period - Wrist shot by Auston Matthews.
19:03 of 1st period - Stopped by Dan Vladar without a rebound.
19:04 of 1st period - Auston Matthews wins face-off versus Sebastian Aho in Nordiques zone.
Goals for this period are 1 for Penguins vs 3 for Nordiques.
Shots for this period are 21 for Penguins vs 11 for Nordiques.

2nd period


0:01 of 2nd period - Brandon Dubinsky wins face-off versus Auston Matthews in neutral zone.
0:04 of 2nd period - Slapshot by Kirby Dach.
0:04 of 2nd period - Shot Blocked by Tyler Myers.
0:26 of 2nd period - Minor Penalty to Sebastian Aho for Hooking.
0:27 of 2nd period - Auston Matthews wins face-off versus Brandon Dubinsky in Nordiques zone.
1:42 of 2nd period - Stephen Johns is hit by Shayne Gostisbehere and loses puck.
2:23 of 2nd period - Mikael Granlund is hit by Ryan Lindgren and loses puck.
2:26 of 2nd period - Penalty to Sebastian Aho is over, Sebastian Aho is back on ice.
3:15 of 2nd period - Justin Holl is hit by Jesperi Kotkaniemi and loses puck.
3:42 of 2nd period - Sam Bennett is hit by Hudson Fasching and loses puck.
4:19 of 2nd period - Michael Grabner is hit by Brandon Dubinsky and loses puck.
4:26 of 2nd period - Snap shot by Kirby Dach.
4:26 of 2nd period - Stopped by Jack Campbell without a rebound.
4:27 of 2nd period - Auston Matthews wins face-off versus Brandon Dubinsky in Penguins zone.
4:38 of 2nd period - Snap shot by Patric Hornqvist.
4:38 of 2nd period - Shot Blocked by Travis Sanheim.
4:57 of 2nd period - Wrist shot by Kirby Dach.
4:57 of 2nd period - Shot Misses the Net.
5:34 of 2nd period - Wrist shot by Mathieu Perreault.
5:34 of 2nd period - Stopped by Jack Campbell with a rebound.
5:36 of 2nd period - Slapshot by Philippe Myers.
5:36 of 2nd period - Shot Misses the Net.
5:38 of 2nd period - Slapshot by Cole Schneider.
5:38 of 2nd period - Shot Misses the Net.
5:40 of 2nd period - Snap shot by David Backes.
5:40 of 2nd period - Deflect By Mathieu Perreault.
5:40 of 2nd period - Stopped by Jack Campbell with a rebound.
5:42 of 2nd period - Snap shot by Cole Schneider.
5:42 of 2nd period - Stopped by Jack Campbell with a rebound.
6:24 of 2nd period - Wrist shot by Alexander Wennberg.
6:24 of 2nd period - Shot Blocked by Adam Lowry.
6:42 of 2nd period - Snap shot by Alexander Wennberg.
6:42 of 2nd period - Shot Misses the Net.
7:42 of 2nd period - Snap shot by Brandon Dubinsky.
7:42 of 2nd period - Stopped by Jack Campbell with a rebound.
7:44 of 2nd period - Slapshot by Justin Abdelkader.
7:44 of 2nd period - Shot Blocked by Miro Heiskanen.
8:20 of 2nd period - Snap shot by David Backes.
8:20 of 2nd period - Shot Misses the Net.
8:22 of 2nd period - Slapshot by David Backes.
8:22 of 2nd period - Stopped by Jack Campbell with a rebound.
8:34 of 2nd period - Wrist shot by Kirby Dach.
8:34 of 2nd period - Shot Blocked by Stephen Johns.
8:38 of 2nd period - Wrist shot by Kirby Dach.
8:38 of 2nd period - Shot Blocked by Jesperi Kotkaniemi.
9:47 of 2nd period - Brian Boyle is hit by Justin Abdelkader and loses puck.
10:05 of 2nd period - Snap shot by Sebastian Aho.
10:05 of 2nd period - Stopped by Jack Campbell without a rebound.
10:06 of 2nd period - Sebastian Aho wins face-off versus Sam Bennett in Penguins zone.
10:13 of 2nd period - Wrist shot by Sam Bennett.
10:13 of 2nd period - Shot Misses the Net.
10:31 of 2nd period - Auston Matthews is hit by Mathieu Perreault and loses puck.
10:58 of 2nd period - Slapshot by Hudson Fasching.
10:58 of 2nd period - Shot Misses the Net.
11:00 of 2nd period - Slapshot by Ryan Lindgren.
11:00 of 2nd period - Stopped by Jack Campbell with a rebound.
11:02 of 2nd period - Wrist shot by Joel L'Esperance.
11:02 of 2nd period - Stopped by Jack Campbell with a rebound.
11:04 of 2nd period - Snap shot by Joel L'Esperance.
11:04 of 2nd period - Shot Misses the Net.
11:28 of 2nd period - Sam Bennett is hit by Brandon Dubinsky and loses puck.
12:24 of 2nd period - Snap shot by David Backes.
12:24 of 2nd period - Goal by David Backes - Penguins : 1 - Nordiques : 4.
12:25 of 2nd period - Brian Boyle wins face-off versus Joel L'Esperance in neutral zone.
12:38 of 2nd period - Snap shot by Joel Farabee.
12:38 of 2nd period - Shot Misses the Net.
12:40 of 2nd period - Snap shot by Joel Farabee.
12:40 of 2nd period - Goal by Joel Farabee - Penguins : 1 - Nordiques : 5.
12:40 of 2nd period - Tuukka Rask enters game.
12:41 of 2nd period - Mathieu Perreault wins face-off versus Brian Boyle in neutral zone.
12:44 of 2nd period - Slapshot by Shayne Gostisbehere.
12:44 of 2nd period - Shot Misses the Net.
12:46 of 2nd period - Snap shot by David Backes.
12:46 of 2nd period - Shot Misses the Net.
12:48 of 2nd period - Wrist shot by Justin Holl.
12:48 of 2nd period - Stopped by Tuukka Rask with a rebound.
13:24 of 2nd period - Slapshot by Michael Grabner.
13:24 of 2nd period - Stopped by Dan Vladar with a rebound.
13:26 of 2nd period - Slapshot by Mikael Granlund.
13:26 of 2nd period - Penguins goal is going for a video replay.
13:26 of 2nd period - The goal is refused. The net was displaced accidentally..
13:27 of 2nd period - Auston Matthews wins face-off versus Joel L'Esperance in Nordiques zone.
13:30 of 2nd period - Wrist shot by Patric Hornqvist.
13:30 of 2nd period - Shot Misses the Net.
13:32 of 2nd period - Snap shot by Joel Armia.
13:32 of 2nd period - Shot Misses the Net.
13:34 of 2nd period - Slapshot by Dmitry Orlov.
13:34 of 2nd period - Stopped by Dan Vladar without a rebound.
13:35 of 2nd period - Auston Matthews wins face-off versus Joel L'Esperance in Nordiques zone.
13:50 of 2nd period - Wrist shot by Auston Matthews.
13:50 of 2nd period - Stopped by Dan Vladar with a rebound.
13:52 of 2nd period - Slapshot by Miro Heiskanen.
13:52 of 2nd period - Shot Misses the Net.
15:01 of 2nd period - Slapshot by Joel Farabee.
15:01 of 2nd period - Shot Misses the Net.
15:07 of 2nd period - Slapshot by Patric Hornqvist.
15:07 of 2nd period - Shot Misses the Net.
15:11 of 2nd period - Snap shot by Auston Matthews.
15:11 of 2nd period - Shot Blocked by Joel L'Esperance.
15:13 of 2nd period - Slapshot by Joel Armia.
15:13 of 2nd period - Stopped by Dan Vladar with a rebound.
15:15 of 2nd period - Wrist shot by Joel Armia.
15:15 of 2nd period - Shot Blocked by Travis Sanheim.
15:17 of 2nd period - Wrist shot by Joel Armia.
15:17 of 2nd period - Stopped by Dan Vladar without a rebound.
15:18 of 2nd period - Brandon Dubinsky wins face-off versus Michael Grabner in Nordiques zone.
15:18 of 2nd period - Brandon Dubinsky is hit by Michael Grabner.
15:24 of 2nd period - Tyler Myers is hit by Ryan Lindgren and loses puck.
15:47 of 2nd period - Off-side.
15:48 of 2nd period - Sebastian Aho wins face-off versus Sam Bennett in neutral zone.
15:55 of 2nd period - Snap shot by Sebastian Aho.
15:55 of 2nd period - Stopped by Tuukka Rask without a rebound.
15:56 of 2nd period - Sebastian Aho wins face-off versus Brian Boyle in Penguins zone.
15:57 of 2nd period - Slapshot by Alexander Wennberg.
15:57 of 2nd period - Shot Misses the Net.
16:01 of 2nd period - Snap shot by Sebastian Aho.
16:01 of 2nd period - Shot Blocked by Brian Boyle.
17:12 of 2nd period - Sam Bennett is hit by Tyler Johnson and loses puck.
18:10 of 2nd period - Minor Penalty to Travis Sanheim for High sticking.
18:11 of 2nd period - Brandon Dubinsky wins face-off versus Auston Matthews in Nordiques zone.
18:45 of 2nd period - Snap shot by Adam Lowry.
18:45 of 2nd period - Deflect By Brent Burns.
18:45 of 2nd period - Shot Misses the Net.
18:45 of 2nd period - Puck is out of play.
18:46 of 2nd period - Sebastian Aho wins face-off versus Auston Matthews in Nordiques zone.
18:57 of 2nd period - Wrist shot by Patric Hornqvist.
18:57 of 2nd period - Shot Misses the Net.
18:59 of 2nd period - Wrist shot by Miro Heiskanen.
18:59 of 2nd period - Goal by Miro Heiskanen - Penguins : 2 - Nordiques : 5.
19:00 of 2nd period - Justin Abdelkader wins face-off versus Mikael Granlund in neutral zone.
19:05 of 2nd period - Snap shot by Brandon Dubinsky.
19:05 of 2nd period - Stopped by Tuukka Rask with a rebound.
19:15 of 2nd period - Wrist shot by Brandon Dubinsky.
19:15 of 2nd period - Shot Misses the Net.
19:38 of 2nd period - Joel Armia is hit by Tyler Johnson and loses puck.
19:49 of 2nd period - Snap shot by Mathieu Perreault.
19:49 of 2nd period - Shot Hit the Post.
19:53 of 2nd period - Wrist shot by Mathieu Perreault.
19:53 of 2nd period - Stopped by Tuukka Rask without a rebound.
19:54 of 2nd period - Sam Bennett wins face-off versus Brandon Dubinsky in Penguins zone.
19:58 of 2nd period - Off-side.
19:59 of 2nd period - Brian Boyle wins face-off versus Brandon Dubinsky in neutral zone.
Goals for this period are 1 for Penguins vs 2 for Nordiques.
Shots for this period are 7 for Penguins vs 15 for Nordiques.

3rd period


0:01 of 3rd period - Brian Boyle wins face-off versus Mathieu Perreault in neutral zone.
0:16 of 3rd period - Snap shot by Michael Grabner.
0:16 of 3rd period - Stopped by Dan Vladar with a rebound.
0:26 of 3rd period - Brent Burns is hit by Justin Abdelkader and loses puck.
0:35 of 3rd period - Wrist shot by Brandon Dubinsky.
0:35 of 3rd period - Stopped by Tuukka Rask without a rebound.
0:36 of 3rd period - Sebastian Aho wins face-off versus Sam Bennett in Penguins zone.
0:45 of 3rd period - Snap shot by Sebastian Aho.
0:45 of 3rd period - Stopped by Tuukka Rask with a rebound.
1:41 of 3rd period - Shayne Gostisbehere is hit by Reid Boucher and loses puck.
1:48 of 3rd period - Joel Farabee is hit by Sam Bennett and loses puck.
2:00 of 3rd period - Off-side.
2:01 of 3rd period - Brian Boyle wins face-off versus Sebastian Aho in neutral zone.
2:58 of 3rd period - Wrist shot by Sam Bennett.
2:58 of 3rd period - Shot Hit the Post.
3:00 of 3rd period - Snap shot by Adam Lowry.
3:00 of 3rd period - Shot Misses the Net.
3:02 of 3rd period - Wrist shot by Reid Boucher.
3:02 of 3rd period - Shot Misses the Net.
3:04 of 3rd period - Slapshot by Jacob Larsson.
3:04 of 3rd period - Deflect By Cole Schneider.
3:04 of 3rd period - Stopped by Dan Vladar with a rebound.
3:22 of 3rd period - Wrist shot by Mikael Granlund.
3:22 of 3rd period - Stopped by Dan Vladar without a rebound.
3:23 of 3rd period - Brandon Dubinsky wins face-off versus Auston Matthews in Nordiques zone.
3:49 of 3rd period - Mikael Granlund is hit by Sebastian Aho and loses puck.
4:12 of 3rd period - Wrist shot by Joel Farabee.
4:12 of 3rd period - Shot Misses the Net.
4:14 of 3rd period - Snap shot by Joel L'Esperance.
4:14 of 3rd period - Shot Misses the Net.
4:30 of 3rd period - Snap shot by Adam Lowry.
4:30 of 3rd period - Goal by Adam Lowry - Penguins : 3 - Nordiques : 5.
4:31 of 3rd period - Brian Boyle wins face-off versus Brandon Dubinsky in neutral zone.
4:47 of 3rd period - Off-side.
4:48 of 3rd period - Joel Armia wins face-off versus Sebastian Aho in neutral zone.
4:54 of 3rd period - Minor Penalty to Shayne Gostisbehere for Hooking.
4:55 of 3rd period - Auston Matthews wins face-off versus Brandon Dubinsky in Nordiques zone.
4:57 of 3rd period - Wrist shot by Mikael Granlund.
4:57 of 3rd period - Shot Misses the Net.
5:15 of 3rd period - Wrist shot by Alexander Wennberg.
5:15 of 3rd period - Stopped by Tuukka Rask without a rebound.
5:16 of 3rd period - Brandon Dubinsky wins face-off versus Brian Boyle in Penguins zone.
5:50 of 3rd period - Sebastian Aho is hit by Patric Hornqvist and loses puck.
6:54 of 3rd period - Penalty to Shayne Gostisbehere is over, Shayne Gostisbehere is back on ice.
7:25 of 3rd period - Joel L'Esperance is hit by Jesperi Kotkaniemi and loses puck.
8:01 of 3rd period - Icing by Philippe Myers.
8:02 of 3rd period - Mathieu Perreault wins face-off versus Sam Bennett in Nordiques zone.
8:33 of 3rd period - Slapshot by Jesperi Kotkaniemi.
8:33 of 3rd period - Shot Blocked by Brent Seabrook.
8:35 of 3rd period - Snap shot by Stephen Johns.
8:35 of 3rd period - Shot Misses the Net.
8:37 of 3rd period - Slapshot by Stephen Johns.
8:37 of 3rd period - Stopped by Dan Vladar with a rebound.
8:39 of 3rd period - Slapshot by Stephen Johns.
8:39 of 3rd period - Shot Misses the Net.
9:21 of 3rd period - Dmitry Orlov is hit by Justin Abdelkader and loses puck.
9:31 of 3rd period - Icing by Dmitry Orlov.
9:32 of 3rd period - Mathieu Perreault wins face-off versus Auston Matthews in Penguins zone.
9:39 of 3rd period - Cole Schneider is hit by Brian Boyle and loses puck.
9:48 of 3rd period - Snap shot by Mikael Granlund.
9:48 of 3rd period - Stopped by Dan Vladar with a rebound.
10:27 of 3rd period - Snap shot by Kirby Dach.
10:27 of 3rd period - Shot Misses the Net.
10:29 of 3rd period - Wrist shot by Kirby Dach.
10:29 of 3rd period - Stopped by Tuukka Rask without a rebound.
10:30 of 3rd period - Joel L'Esperance wins face-off versus Auston Matthews in Penguins zone.
10:43 of 3rd period - Hudson Fasching is hit by Auston Matthews and loses puck.
11:02 of 3rd period - Stephen Johns is hit by Tyler Johnson and loses puck.
13:08 of 3rd period - Backhand shot by Sam Bennett.
13:08 of 3rd period - Shot Misses the Net.
13:21 of 3rd period - Wrist shot by Adam Lowry.
13:21 of 3rd period - Stopped by Dan Vladar without a rebound.
13:22 of 3rd period - Brian Boyle wins face-off versus Tyler Johnson in Nordiques zone.
13:43 of 3rd period - Minor Penalty to Ryan Lindgren for Tripping.
13:44 of 3rd period - Brandon Dubinsky wins face-off versus Auston Matthews in Nordiques zone.
13:59 of 3rd period - Slapshot by Cale Makar.
13:59 of 3rd period - Deflect By Patric Hornqvist.
13:59 of 3rd period - Goal by Patric Hornqvist - Penguins : 4 - Nordiques : 5.
14:00 of 3rd period - Mathieu Perreault wins face-off versus Brian Boyle in neutral zone.
14:08 of 3rd period - Off-side.
14:09 of 3rd period - Cole Schneider wins face-off versus Brian Boyle in neutral zone.
14:38 of 3rd period - Snap shot by Mikael Granlund.
14:38 of 3rd period - Stopped by Dan Vladar without a rebound.
14:39 of 3rd period - Brandon Dubinsky wins face-off versus Auston Matthews in Nordiques zone.
15:55 of 3rd period - Wrist shot by Cole Schneider.
15:55 of 3rd period - Stopped by Tuukka Rask without a rebound.
15:56 of 3rd period - Reid Boucher wins face-off versus Joel L'Esperance in Penguins zone.
16:09 of 3rd period - Snap shot by Adam Lowry.
16:09 of 3rd period - Shot Misses the Net.
16:23 of 3rd period - David Backes is hit by Patric Hornqvist and loses puck.
16:58 of 3rd period - Snap shot by Tyler Johnson.
16:58 of 3rd period - Shot Misses the Net.
17:28 of 3rd period - Brent Burns is hit by Joel L'Esperance and loses puck.
17:45 of 3rd period - Slapshot by Reid Boucher.
17:45 of 3rd period - Stopped by Dan Vladar with a rebound.
17:47 of 3rd period - Wrist shot by Adam Lowry.
17:47 of 3rd period - Stopped by Dan Vladar with a rebound.
17:49 of 3rd period - Slapshot by Jacob Larsson.
17:49 of 3rd period - Shot Misses the Net.
17:51 of 3rd period - Snap shot by Adam Lowry.
17:51 of 3rd period - Stopped by Dan Vladar without a rebound.
17:52 of 3rd period - Joel L'Esperance wins face-off versus Auston Matthews in Nordiques zone.
17:56 of 3rd period - Off-side.
17:57 of 3rd period - Joel L'Esperance wins face-off versus Auston Matthews in neutral zone.
18:10 of 3rd period - Wrist shot by Joel L'Esperance.
18:10 of 3rd period - Shot Blocked by Roman Polak.
18:18 of 3rd period - Joel Armia is hit by Joel L'Esperance and loses puck.
18:43 of 3rd period - Icing by Roman Polak.
18:44 of 3rd period - Mathieu Perreault wins face-off versus Auston Matthews in Penguins zone.
19:05 of 3rd period - Penguins, Tuukka Rask is pulled from the net.
19:13 of 3rd period - Wrist shot by Auston Matthews.
19:13 of 3rd period - Stopped by Dan Vladar with a rebound.
19:15 of 3rd period - Wrist shot by Patric Hornqvist.
19:15 of 3rd period - Stopped by Dan Vladar with a rebound.
19:17 of 3rd period - Slapshot by Cale Makar.
19:17 of 3rd period - Stopped by Dan Vladar with a rebound.
19:19 of 3rd period - Wrist shot by Patric Hornqvist.
19:19 of 3rd period - Shot Blocked by Travis Sanheim.
19:21 of 3rd period - Slapshot by Patric Hornqvist.
19:21 of 3rd period - Stopped by Dan Vladar with a rebound.
19:43 of 3rd period - Tyler Johnson is hit by Patric Hornqvist and loses puck.
Goals for this period are 2 for Penguins vs 0 for Nordiques.
Shots for this period are 16 for Penguins vs 5 for Nordiques.